Map: King's Cove LE

Players

Harstem

  • Race: Protoss Protoss
  • League: Grandmaster
  • Spawn Location: 11:00

Lambo - Winner!

  • Race: Zerg Zerg
  • League: Grandmaster
  • Spawn Location: 5:00

VOD

Have the link to the VOD?

Description

Time

  • Played on: Feb. 5, 2019, 12:12 p.m.
  • Length: 4:16
Show
View Real Time Build Order
Export as new Build Order

Harstem Protoss 

Build Orders: 1 Gate Expand, Oracle Opening, Phoenix Opening 

Get SALT Encoding   

  12  0:00  Probe  
  13  0:13  Probe  
  14  0:20  Pylon  
  14  0:25  Probe  
  15  0:35  Probe  
  16  0:43  Probe  
  16  0:44  Gateway  
  17  0:51  Assimilator  
  17  0:53  Probe  
  18  1:05  Probe  
  19  1:17  Probe  
  20  1:26  Nexus  
  20  1:36  Cybernetics Core  
  20  1:38  Probe  
  21  1:43  Assimilator  
  21  1:50  Probe  
  22  1:55  Pylon  
  22  2:02  Probe  
  22  2:03  Adept  
  23  2:14  Probe  
  26  2:18  Stargate  
  26  2:26  Probe  
  27  2:34  Adept  
  27  2:35  Probe x2  
  29  2:43  Probe x2  
  33  2:53  Probe x2  
  35  2:59  Phoenix  
  35  3:05  Probe x2  
  38  3:17  Probe x2  
  38  3:18  Oracle  
  38  3:19  Gateway  
  43  3:27  Pylon  
  43  3:29  Probe  
  43  3:32  Probe  
  45  3:36  Assimilator  
  45  3:37  Assimilator  
  45  3:41  Probe  
  45  3:45  Probe  
  45  3:48  Stargate  
  47  3:53  Probe  
  48  4:00  Probe  
  50  4:08  Pylon  
Show
View Real Time Build Order
Export as new Build Order

Lambo Zerg - Winner!

Build Orders: Hatch First, Zergling Baneling 

Get SALT Encoding   

  12  0:01  Drone  
  13  0:13  Overlord  
  13  0:19  Drone  
  14  0:33  Drone x2  
  16  0:48  Hatchery  
  15  0:53  Drone  
  15  0:57  Drone  
  17  0:59  Drone  
  18  1:10  Extractor  
  17  1:15  Spawning Pool  
  17  1:18  Drone  
  17  1:21  Drone  
  18  1:30  Drone  
  19  1:40  Drone  
  20  1:51  Overlord  
  20  2:01  Queen  
  20  2:02  Queen  
  20  2:03  Zergling x4  
  26  2:10  Metabolic Boost  
  26  2:28  Zergling x8  
  30  2:42  Baneling Nest  
  30  2:44  Zergling x6  
  31  2:53  Zergling x2  
  32  2:59  Zergling x4  
  34  3:07  Zergling x4  
  34  3:12  Overlord  
  35  3:29  Baneling x6  
  35  3:30  Zergling x4  
  35  3:31  Zergling x8  
  41  3:38  Zergling x2  
  41  3:39  Baneling  
  42  3:44  Zergling x2  
  42  3:46  Baneling  
  43  3:51  Overlord  
Tags
 
Add a new tag
Caveats
  • Supply blocks, unpowered buildings, or Contaminate may cause inaccurate times.
  • Supply counts are checked every 10 seconds.